 Dungeon Crawl Stone Soup version 0.25-a0-578-gc91f01c (webtiles) character file.

Game seed: 15805057930746143781, levelgen mode: deterministic

631 Faca the Ruffian (level 7, -4/72 HPs)
             Began as a Troll Fighter on Mar 7, 2020.
             Splashed by a jelly's acid (5 damage)
             ... on level 7 of the Dungeon.
             The game lasted 00:07:39 (2680 turns).

Faca the Ruffian (Troll Fighter)                    Turns: 2680, Time: 00:07:40

Health: -4/72      AC:  2    Str: 27    XL:     7   Next: 24%
Magic:  6/6        EV:  8    Int:  4    God:
Gold:   219        SH: 10    Dex:  9    Spells: 6/6 levels left

rFire    . . .     SeeInvis .     - Unarmed
rCold    . . .     Gourm    +   b - +1 kite shield
rNeg     . . .     Faith    .   a - +0 robe
rPois    .         Spirit   .   (helmet restricted)
rElec    .         Reflect  .   (no cloak)
rCorr    .         Harm     .   (gloves unavailable)
MR       .....                  (boots unavailable)
Stlth    +.........             (no amulet)
HPRegen  0.62/turn              (no ring)
MPRegen  0.10/turn              (no ring)

@: corroded
A: large, unfitting armour, claws 3, fast metabolism 3, gourmand, regeneration
1, shaggy fur 1, tough skin 3
a: no special abilities


You were on level 7 of the Dungeon.
You were very full.

You visited 1 branch of the dungeon, and saw 5 of its levels.

You collected 219 gold pieces.

Inventory:

Missiles
 h - 23 poisoned darts (quivered)
Armour
 a - a +0 robe (worn)
 b - a +1 kite shield (worn)
Scrolls
 f - 2 scrolls of magic mapping
 g - 3 scrolls of remove curse
 j - a scroll of blinking
 o - a scroll of enchant weapon
Potions
 c - 2 potions of might
 e - a potion of stabbing {unknown}
 i - a potion of ambrosia {unknown}
 k - a potion of lignification {unknown}
 l - a potion of brilliance {unknown}
Comestibles
 d - 5 rations
 n - 3 chunks of flesh


   Skills:
 + Level 5.2 Fighting
 - Level 2.4 Dodging
 - Level 2.4 Shields
 + Level 5.8 Unarmed Combat


You had 6 spell levels left.
You didn't know any spells.
Your spell library contained the following spells:

 Spells                   Type           Power        Failure   Level  Hunger
 Beastly Appendage        Tmut           #.....       93%         1    ##.....
 Sticks to Snakes         Tmut           #.......     98%         2    ###....
 Spider Form              Tmut/Pois      #.........   100%        3    ####...
 Ice Form                 Ice/Tmut       #.......     100%        4    #####..
 Blade Hands              Tmut           #.........   100%        5    ######.


Dungeon Overview and Level Annotations

Branches:
Dungeon (4/15)
 Temple: D:4-7

Altars:
Elyvilon
Fedhas
Makhleb
Wu Jian
Xom
Yredelemnul

Annotations:
D:3 1 runed translucent door
D:7 Prince Ribbit


Innate Abilities, Weirdness & Mutations

You are too large for most types of armour.
You have claws for hands.
Your metabolism is lightning-fast.
You like to eat raw meat.
Your natural rate of healing is unusually fast.
You are covered in fur. (AC +1)
You have extremely tough skin. (AC +3)


Message History

The ogre hits you with a +0 giant spiked club!
You block the orc's attack.
You scratch the ogre but do no damage.
The ogre is heavily wounded.
You block the ogre's attack.
You barely miss the ogre.
The ogre is heavily wounded.
You feel better. The ogre closely misses you.
You scratch the ogre.
The ogre is heavily wounded.
The ogre hits you with a +0 giant spiked club!!
* * * LOW HITPOINT WARNING * * *
You mangle the ogre!!
You kill the ogre!
You block the orc's attack.
The orc priest invokes the aid of Beogh against you.
Beogh smites you!
* * * LOW HITPOINT WARNING * * *
You claw the jelly! The acid corrodes you!
Your claws burn!
You die...

..............#.#
..............#.#
..............#.#
...=.......F..#.##
.........[.......####
.............#..o...#
......>........Foo..#
............#..#J#..#
....##......#..#@# .#
#... ####.##..#+# #
#< .... #.... #.##


You could see Prince Ribbit, a jelly, an orc priest and 2 orcs.

Vanquished Creatures
  An ogre (D:7)
  A centaur (D:7)
  The ghost of Lucherd the Stinger, an amateur DsVM (D:3)
  A bullfrog (D:7)
  A scorpion (D:7)
  A howler monkey (D:3)
  An orc priest (D:3)
  An orc wizard (D:3)
  A worker ant (D:4)
  5 adders
  An ooze (D:3)
  2 worms
  2 dart slugs
  A leopard gecko (D:1)
  4 orcs (D:3)
  7 bats
  8 giant cockroaches
  7 goblins
  7 hobgoblins
  11 jackals
  7 kobolds
  6 quokkas
  2 ball pythons
  10 frilled lizards
  13 rats
102 creatures vanquished.

Notes
Turn   | Place    | Note
-------+----------+-------------------------------------------
     0 | D:1      | Faca the Troll Fighter began the quest for the Orb.
     0 | D:1      | Reached XP level 1. HP: 22/22 MP: 0/0
   143 | D:1      | Reached XP level 2. HP: 25/29 MP: 1/1
   861 | D:2      | Reached XP level 3. HP: 37/37 MP: 2/2
  1278 | D:2      | Found a shimmering altar of Xom.
  1278 | D:2      | Found a shimmering altar of Xom.
  1278 | D:2      | Found a shimmering altar of Xom.
  1279 | D:2      | Found a shimmering altar of Xom.
  1279 | D:2      | Found a shimmering altar of Xom.
  1279 | D:2      | Found a shimmering altar of Xom.
  1381 | D:2      | Reached XP level 4. HP: 45/45 MP: 3/3
  1705 | D:3      | Reached XP level 5. HP: 45/54 MP: 4/4
  1782 | D:3      | Found a white marble altar of Elyvilon.
  1912 | D:3      | Found a burning altar of Makhleb.
  1969 | D:3      | Found a basalt altar of Yredelemnul.
  2222 | D:3      | Found a runed translucent door.
  2222 | D:3      | Noticed Lucherd's ghost (amateur DsVM)
  2234 | D:3      | Killed Lucherd's ghost
  2238 | D:3      | Reached XP level 6. HP: 62/62 MP: 5/5
  2253 | D:3      | Found a runed translucent door.
  2561 | D:4      | Reached skill level 5 in Unarmed Combat
  2622 | D:4      | You fall into a shaft and drop 3 floors!
  2630 | D:7      | Found a blossoming altar of Fedhas.
  2640 | D:7      | Noticed Prince Ribbit
  2659 | D:7      | Found an ornate altar of the Wu Jian Council.
  2673 | D:7      | Reached skill level 5 in Fighting
  2673 | D:7      | Reached XP level 7. HP: 31/72 MP: 6/6
  2679 | D:7      | HP: 1/72 [orc priest/divine providence (12)]
  2680 | D:7      | Splashed by a jelly's acid

Levels and vault maps discovered:
D:1:      dpeg_arrival_houses_and_road, layout_loops_ring, grunt_decor_cap,
          grunt_decor_mini_mirrors
D:2:      layout_basic, xom_redecorated, minmay_split_cup_large
D:3:      layout_basic, kennysheep_ying_yang, ebering_ghost_sewer_f,
          bloody_makhleb
D:4:      layout_rooms, first_ration, ashenzari_altar_1, uniq_eustachio
D:7:      layout_rooms, fedhas_altar_1, kennysheep_mini_moat,
          uniq_prince_ribbit1

Skill      XL: |  1  2  3  4  5  6 |
---------------+-------------------+-----
Fighting       | 3 4 5 |  5.2
Unarmed Combat | 3 4 5 |  5.8
Dodging        | |  2.4
Shields        | |  2.4

Action                   |  1- 3 |  4- 6 |  7- 9 || total
-------------------------+-------+-------+-------++-------
Melee: Unarmed           |   129 |   155 |     6 ||   290
  Use: Scroll            |     7 |     5 |       ||    12
       Potion            |       |       |     1 ||     1
  Eat: Chunk             |    18 |    12 |       ||    30
Armor: Robe              |    50 |    45 |       ||    95
Dodge: Dodged            |    38 |    54 |     2 ||    94
Block: Kite shield       |    61 |    87 |     3 ||   151

Table legend:
 A = Non-vault XP
 B = Vault XP
 C = Vault XP percentage of total XP
 D = Non-vault monster count
 E = Vault monster count
 F = Vault count percentage of total count
                 A         B        C        D         E       F
            +---------+---------+-------+---------+---------+-------
      Total |     755 |     147 |  16.3 |      93 |       9 |   8.8
            +---------+---------+-------+---------+---------+-------
        D:1 |      37 |       0 |   0.0 |      24 |       0 |   0.0
        D:2 |      76 |       7 |   8.4 |      28 |       4 |  12.5
        D:3 |     209 |     140 |  40.1 |      34 |       5 |  12.8
        D:4 |      38 |       0 |   0.0 |       3 |       0 |   0.0
        D:7 |     395 |       0 |   0.0 |       4 |       0 |   0.0
            +---------+---------+-------+---------+---------+-------
